 Dungeon Crawl Stone Soup version 0.28.0-1-gb440e238dd (webtiles) character file.

Game seed: 9406387759725304764

3539 Kaptain the Digger (level 10, -5/74 HPs)
             Began as a Human Earth Elementalist on Feb 24, 2022.
             Slain by a warg (11 damage)
             ... on level 7 of the Dungeon.
             The game lasted 00:26:24 (9897 turns).

Kaptain the Digger (Human Earth Elementalist)       Turns: 9897, Time: 00:26:25

Health: -5/74      AC: 10    Str:  8    XL:     10   Next: 29%
Magic:  1/19       EV: 12    Int: 20    God:
Gold:   711        SH:  0    Dex: 14    Spells: 12/21 levels left

rFire   . . .      SeeInvis .   r - +3 dagger (venom)
rCold   . . .      Faith    .   (no shield)
rNeg    . . .      Spirit   .   s - +0 leather armour
rPois   .          Reflect  .   (no helmet)
rElec   .          Harm     .   t - +2 cloak
rCorr   .          Rampage  .   (no gloves)
Will    .....                   (no boots)
Stlth   +++.......              (no amulet)
HPRegen 0.22/turn               h - +4 ring of protection
MPRegen 0.16/turn               a - ring of flight

@: flying
A: no striking features
a: no special abilities


You were on level 7 of the Dungeon.
You visited 2 branches of the dungeon, and saw 9 of its levels.

You collected 1257 gold pieces.
You spent 546 gold pieces at shops.

Inventory:

Hand Weapons
 b - a +0 trident
 g - a +0 hunting sling
 k - the +2 short sword of Traps {freeze, +Blink rC- Str+4 SInv}
   (You found it on level 5 of the Dungeon)

   It freezes those it strikes, dealing additional cold damage.
   It can also slow down cold-blooded creatures.
   Str:       It affects your strength (+4).
   rC:        It makes you vulnerable to cold.
   SInv:      It lets you see invisible.
   +Blink:    It lets you blink.
 l - a +0 rapier
 r - a +3 dagger of venom (weapon)
 v - the +1 great sword "Mouze" {flame, +Blink rF+ rN++ Dex-5}
   (You found it on level 5 of the Dungeon)

   It burns those it strikes, dealing additional fire damage.
   Big, fiery blades are also staple armaments of hydra-hunters.
   Dex:       It affects your dexterity (-5).
   rF:        It protects you from fire.
   rN:        It greatly protects you from negative energy.
   +Blink:    It lets you blink.
Missiles
 c - 168 stones (quivered)
 d - 24 poisoned darts
 e - a boomerang
 x - 35 sling bullets
Armour
 i - a +0 chain mail
 n - a +1 buckler
 s - a +0 leather armour (worn)
 t - a +2 cloak (worn)
Jewellery
 a - a ring of flight (right hand)
 h - a +4 ring of protection (left hand)
 p - a ring of poison resistance
Wands
 C - a wand of digging (4)
Scrolls
 w - 2 scrolls of fog
 y - a scroll of enchant weapon
Potions
 j - a potion of haste


   Skills:
 + Level 5.5 Fighting
 - Level 3.2 Armour
 - Level 2.5 Dodging
 + Level 5.1 Stealth
 + Level 3.9 Shields
 * Level 6.0 Spellcasting
 * Level 5.9 Conjurations
 - Level 1.0 Transmutations
 * Level 6.9 Earth Magic


You had 12 spell levels left.
You knew the following spells:

 Your Spells              Type           Power      Damage    Failure   Level
a - Sandblast             Erth           66%        2d15      1%          1
b - Stone Arrow           Conj/Erth      62%        3d10      3%          3
c - Iskenderun's Battles  Conj           29%        2d8       34%         5

Your spell library contained the following spells:

 Spells                   Type           Power      Damage    Failure   Level
 Shock                    Conj/Air       68%        1d7       4%          1
 Passwall                 Tmut/Erth      17%        N/A       4%          2
 Ensorcelled Hibernation  Hex/Ice        12%        N/A       22%         2
 Petrify                  Tmut/Erth      21%        N/A       28%         4
 Spider Form              Tmut/Pois      8%         N/A       34%         3
 Animate Armour           Summ/Erth      38%        N/A       34%         4
 Swiftness                Air            6%         N/A       41%         3
 Irradiate                Conj/Tmut      9%         3d16      69%         5
 Airstrike                Air            3%         N/A       82%         4
 Anguish                  Hex/Necr       3%         N/A       82%         4
 Iron Shot                Conj/Erth      15%        9d4       85%         6
 Blade Hands              Tmut           5%         N/A       95%         5
 Dragon Form              Tmut           5%         N/A       100%        7
 Spellforged Servitor     Conj/Summ      8%         N/A       100%        7


Dungeon Overview and Level Annotations

Branches:
Dungeon (8/15)             Temple (1/1) D:7
   Lair: D:8-11

Altars:
Ashenzari
Cheibriados
Dithmenos
Elyvilon
Fedhas
Gozag
Hepliaklqana
Kikubaaqudgha
Makhleb
Nemelex Xobeh
Okawaru
Qazlal
Ru
Sif Muna
Trog
Uskayaw
Vehumet
Wu Jian
Xom
Yredelemnul
Zin
The Shining One

Shops:
D:5 :

Annotations:
D:4 1 transporter


Message History

The orc priest looks braver for a moment.
The warg bites you!
* * * LOW HITPOINT WARNING * * *
There is a stone staircase leading up, spattered with blood here.
The warg bites you.
* * * LOW HITPOINT WARNING * * *
You fly upwards.
There is a stone staircase leading down here.
Unknown command.
Casting: Sandblast (safe; 1% risk of failure)
Confirm with . or Enter, or press ? or * to list all spells.
Aiming: Sandblast (safe; 1% risk of failure)
Press: ? - help, Shift-Dir - straight line, f - warg
Aim: a warg (77% to hit)
The blast of sand hits the warg but does no damage.
c - 169 stones The warg closely misses you.
Unknown command.
Casting: Sandblast (safe; 1% risk of failure)
Confirm with . or Enter, or press ? or * to list all spells.
Aiming: Sandblast (safe; 1% risk of failure)
Press: ? - help, Shift-Dir - straight line, f/p - warg
Aim: a warg (77% to hit)
The blast of sand hits the warg.
The warg is lightly wounded.
c - 168 stones The warg misses you.
The warg barely misses you.
It was a potion of flight.
You feel more buoyant. The warg closely misses you.
Okay, then.
Throw: javelin
Press: ? - help, Q - select action, (/) - cycle Shift-Dir - straight line, f/p - warg
Aim: a warg (lightly wounded, 53% to hit)
You throw a javelin. The javelin pierces through the warg.
The warg is moderately wounded.
The warg bites you.
* * * LOW HITPOINT WARNING * * *
The warg bites you!
You die...

#.# #.# #)#
#.####.#####.#
#..).........#
######.##.##.#
#.#.#.#)# #..###..#
###########
#.#.#.###
#.......h.####..#.##
#.#######@#.......#
#.# #.#.###.### #.#
#.#.# #.# #.# #)#.#
#[# #.# #.#.# #.#
#.# #.#.# #)######
#.#
#.#.###)##...#####
#.#
#.#...)...........
####.#
#...).........####


You could see a warg.

Vanquished Creatures
  Harold (D:7)
  Joseph (D:8)
  A sky beast (D:6)
  2 orc warriors
  A black bear (D:5)
  3 necrophages
  3 ogres
  5 centaurs
  2 phantoms
  A kobold brigand (D:7)
  3 scorpions
  3 wights (D:7)
  A howler monkey (D:8)
  A centaur zombie (D:8)
  A bullfrog zombie (D:5)
  A jelly (D:6)
  A gnoll shaman (D:5)
  A hound (D:6)
  2 orc priests
  A centaur skeleton (D:7)
  5 iguanas
  A killer bee zombie (D:7)
  A hound skeleton (D:5)
  2 howler monkey skeletons (D:5)
  7 gnolls
  7 adders
  11 river rats
  An ufetubus (D:7)
  4 dart slugs
  11 orcs
  3 ball pythons
  5 bats
  9 endoplasms
  A giant cockroach (D:2)
  9 goblins
  3 hobgoblins (D:2)
  4 jackals (D:4)
  10 kobolds
  10 quokkas
  2 frilled lizards
  21 rats
162 creatures vanquished.

Notes
Turn   | Place    | Note
-------+----------+-------------------------------------------
     0 | D:1      | Kaptain the Human Earth Elementalist began the quest for
                  | the Orb.
     0 | D:1      | Reached XP level 1. HP: 13/13 MP: 3/3
   244 | D:1      | Reached XP level 2. HP: 20/20 MP: 3/5
   438 | D:1      | Found a faded altar of an unknown god.
   555 | D:1      | Reached XP level 3. HP: 25/25 MP: 4/6
   559 | D:1      | Learned a level 3 spell: Stone Arrow
   597 | D:1      | Reached skill level 1 in Fighting
   772 | D:2      | Reached XP level 4. HP: 26/32 MP: 2/7
  1013 | D:2      | Reached skill level 1 in Armour
  1349 | D:2      | Reached skill level 1 in Conjurations
  1349 | D:2      | Reached XP level 5. HP: 24/37 MP: 5/9
  1831 | D:3      | You fall into a shaft and drop 3 floors!
  1835 | D:5      | Entered Level 5 of the Dungeon
  1863 | D:5      | Identified a scroll of acquirement
  2786 | D:4      | Noticed a necrophage
  2802 | D:4      | Killed a necrophage
  2803 | D:4      | Reached XP level 6. HP: 43/44 MP: 1/10
  2891 | D:4      | Found a sparkling altar of Nemelex Xobeh.
  2891 | D:4      | Found a transporter.
  2892 | D:4      | Noticed an orc warrior
  2892 | D:4      | Noticed a necrophage
  3205 | D:4      | Noticed a necrophage
  3211 | D:4      | Killed a necrophage
  3212 | D:4      | Reached skill level 1 in Shields
  3498 | D:4      | Noticed an orc warrior
  3827 | D:4      | Reached XP level 7. HP: 47/51 MP: 11/11
  3845 | D:4      | HP: 1/51 [orc warrior (9)]
  4294 | D:5      | Found Reynuxt's Book Shop.
  4368 | D:5      | Acquired 859 gold pieces
  4370 | D:5      | Bought a book of Power for 546 gold pieces
  4376 | D:5      | Learned a level 5 spell: Iskenderun's Battlesphere
  4386 | D:5      | Identified the +2 short sword of Traps {freeze, +Blink rC-
                  | Str+4 SInv}
  4875 | D:5      | Reached XP level 8. HP: 51/58 MP: 0/13
  5085 | D:5      | Identified the +1 great sword "Mouze" {flame, +Blink rF+
                  | rN++ Dex-5}
  5865 | D:6      | Reached skill level 5 in Earth Magic
  6577 | D:6      | Reached XP level 9. HP: 65/65 MP: 11/15
  8119 | D:7      | Reached skill level 5 in Spellcasting
  8346 | D:7      | Reached skill level 5 in Fighting
  8510 | D:7      | Found a staircase to the Ecumenical Temple.
  8557 | Temple   | Entered the Ecumenical Temple
  8897 | D:7      | Noticed Harold
  8988 | D:7      | Killed Harold
  8989 | D:7      | Reached skill level 5 in Conjurations
  8989 | D:7      | Reached XP level 10. HP: 29/74 MP: 1/18
  9716 | D:8      | Noticed Joseph
  9882 | D:8      | Killed Joseph
  9883 | D:8      | Reached skill level 5 in Stealth
  9897 | D:7      | Slain by a warg

Illustrated notes

Levels and vault maps discovered:
D:1:      dpeg_arrival_snail, layout_rooms, basic_ecumenical_altar
D:2:      layout_basic, minmay_misc_feat_cross
D:3:      layout_loops_ring
D:4:      nicolae_BIG_FREAKIN_CUBE, layout_loops_corners,
          grunt_nemelex_the_gamble
D:5:      minmay_chambers_of_fours, layout_basic, gup_sewer_entry_spiral,
          serial_shops, shop, lemuel_flamethrower_2
D:6:      lemuel_ratsnest, layout_basic
D:7:      layout_loops_ring, temple_fountains, uniq_harold
D:8:      layout_basic, erik_lair_orcish_takeover, uniq_joseph
Temple:   mainiacjoe_temple_archimedes_tessellation

Skill      XL: |  1  2  3  4  5  6  7  8  9 10 |
---------------+-------------------------------+-----
Fighting       | 1 2 3 4 5 |  5.5
Armour         | 1 2 3 |  3.2
Conjurations   | 1 2 3 5 |  5.9
Spellcasting   | 3 4 5 6 |  6.0
Earth Magic    | 4 5 6 |  6.9
Shields        | 1 2 3 |  3.9
Stealth        | 3 4 5 |  5.1
Dodging        | |  2.5
Transmutations | |  1.0

Action                   |  1- 3 |  4- 6 |  7- 9 | 10-12 || total
-------------------------+-------+-------+-------+-------++-------
Melee: Short sword       |    10 |    36 |       |       ||    46
       Rapier            |       |    32 |       |       ||    32
       Dagger            |       |    52 |    88 |    14 ||   154
       Punch             |       |     2 |     1 |     1 ||     4
 Fire: Hunting sling     |       |       |    63 |       ||    63
Throw: Dart              |     4 |     4 |       |     7 ||    15
       Javelin           |       |       |       |     6 ||     6
 Cast: Sandblast         |    28 |    30 |   102 |     8 ||   168
       Stone Arrow       |       |       |    55 |     9 ||    64
Evoke: Wand              |       |       |     2 |       ||     2
  Use: Scroll            |       |     6 |    10 |       ||    16
       Potion            |       |       |     7 |     1 ||     8
 Stab: Sleeping          |     1 |     8 |     1 |       ||    10
Armor: Robe              |    10 |    28 |       |       ||    38
       Leather armour    |       |    26 |    51 |    14 ||    91
Dodge: Dodged            |    34 |    79 |    97 |    22 ||   232
